NWL (28 & UNDER)
SAN DIEGO SMASHERS @ BALZAC RAMS
08/27/2026
 
TOP OF THE 1ST
San Diego Smashers batting - Pitching for Balzac Rams : LHP Juan Jiménez
Pitching: LHP Juan Jiménez
Batting: LHB Ramiro Martínez 0-0: Called Strike
0-1: Called Strike
0-2: Fly out, F8 (Flyball, 8LM)
Batting: SHB Chris Woods 0-0: Ball
1-0: Ball
2-0: Ball
3-0: Base on Balls
Batting: RHB Fred Ameris 0-0: Ball
1-0: Ball
2-0: SINGLE (Line Drive, 4D)
Chris Woods to second
Batting: RHB Manuel Muñóz 0-0: Called Strike
0-1: Ball
1-1: Ball
2-1: Swinging Strike
2-2: Foul Ball, location: 2F
2-2: Grounds into double play, 4-6-3 (Groundball, 34)
Top of the 1st over - 0 run(s), 1 hit(s), 0 error(s), 1 left on base; San Diego 0 - Balzac 0
BOTTOM OF THE 1ST
Balzac Rams batting - Pitching for San Diego Smashers : RHP Carlos Trujillo
Pitching: RHP Carlos Trujillo
Batting: RHB Ron Glass 0-0: Swinging Strike
0-1: Swinging Strike
0-2: Ball
1-2: Hit by Pitch
Batting: RHB Shaun Puckett 0-0: Called Strike
0-1: Foul Ball, location: 2F
0-2: Foul Ball, location: 2F
0-2: Ball
1-2: Ball
2-2: Ball
3-2: Foul Ball, location: 2F
3-2: Base on Balls
Ron Glass to second
Batting: LHB José Román 0-0: Ball
1-0: Ball
2-0: Ball
3-0: Base on Balls
Ron Glass to third
Shaun Puckett to second
Batting: RHB Jeremy Flemming 0-0: Grounds into double play, 5-4-3 (Groundball, 5)
Ron Glass scores
Shaun Puckett to third
Batting: RHB Tom Hughes 0-0: Ball
1-0: Called Strike
1-1: Ball
2-1: Ball
3-1: Called Strike
3-2: Strikes out swinging
Bottom of the 1st over - 1 run(s), 0 hit(s), 0 error(s), 1 left on base; San Diego 0 - Balzac 1
TOP OF THE 2ND
San Diego Smashers batting - Pitching for Balzac Rams : LHP Juan Jiménez
Batting: SHB Adrián Nieto 0-0: Ball
1-0: Foul Ball, location: 2F
1-1: Swinging Strike
1-2: Ball
2-2: Ball
3-2: Base on Balls
Batting: LHB Karl Hill 0-0: Called Strike
0-1: Foul Ball, location: 2F
0-2: Ball
1-2: Foul Ball, location: 2F
1-2: Foul Ball, location: 2F
1-2: Foul Ball, location: 2F
1-2: TRIPLE (Line Drive, 89XD)
Adrián Nieto scores
Batting: RHB Felipe Lópes 0-0: Foul Ball, location: 2F
0-1: Fly out, F7 (Flyball, 7M)
Runner from 3rd tags up, SCORES, no throw
Batting: RHB Ryan Cates 0-0: Foul Ball, location: 2F
0-1: Ground out 5-3 (Groundball, 56)
Batting: LHB Francisco Medina 0-0: Ball
1-0: Called Strike
1-1: Ball
2-1: Foul Ball, location: 2F
2-2: Strikes out looking
Top of the 2nd over - 2 run(s), 1 hit(s), 0 error(s), 0 left on base; San Diego 2 - Balzac 1
BOTTOM OF THE 2ND
Balzac Rams batting - Pitching for San Diego Smashers : RHP Carlos Trujillo
Batting: RHB Tommy Wilson 0-0: Ball
1-0: Ball
2-0: Ball
3-0: Called Strike
3-1: Foul Ball, location: 2F
3-2: Fly out, F8 (Flyball, 8LS)
Batting: RHB Luis Suárez 0-0: Ball
1-0: Fly out, F9 (Flyball, 89XD)
Batting: RHB Brian Parks 0-0: Called Strike
0-1: Ball
1-1: Foul Ball, location: 2F
1-2: Ground out U3 (Groundball, 3)
Bottom of the 2nd over - 0 run(s), 0 hit(s), 0 error(s), 0 left on base; San Diego 2 - Balzac 1
TOP OF THE 3RD
San Diego Smashers batting - Pitching for Balzac Rams : LHP Juan Jiménez
Batting: LHB Ramiro Martínez 0-0: Ground out 1-3 (Groundball, 15)
Batting: SHB Chris Woods 0-0: Ball
1-0: Ball
2-0: Called Strike
2-1: Swinging Strike
2-2: Strikes out looking
Batting: RHB Fred Ameris 0-0: Ball
1-0: Foul Ball, location: 2F
1-1: Swinging Strike
1-2: Strikes out swinging
Top of the 3rd over - 0 run(s), 0 hit(s), 0 error(s), 0 left on base; San Diego 2 - Balzac 1
BOTTOM OF THE 3RD
Balzac Rams batting - Pitching for San Diego Smashers : RHP Carlos Trujillo
Batting: LHB Carlos Barrios 0-0: Fly out, F6 (Popup, 78S)
Batting: RHB Ron Glass 0-0: Foul Ball, location: 2F
0-1: Ball
1-1: Ball
2-1: SINGLE (Line Drive, 78M)
Batting: RHB Shaun Puckett 0-0: Ball
1-0: Ball
2-0: Fly out, F7 (Flyball, 78D)
Batting: LHB José Román 0-0: Ball
1-0: Fielders Choice at 2nd, 5-4 (Groundball, 5)
Bottom of the 3rd over - 0 run(s), 1 hit(s), 0 error(s), 0 left on base; San Diego 2 - Balzac 1
TOP OF THE 4TH
San Diego Smashers batting - Pitching for Balzac Rams : LHP Juan Jiménez
Batting: RHB Manuel Muñóz 0-0: Ground out 6-3 (Groundball, 6)
Batting: SHB Adrián Nieto 0-0: Fly out, F3 (Popup, 3DF)
Batting: LHB Karl Hill 0-0: Ball
1-0: Ball
2-0: Foul Ball, location: 2F
2-1: Foul Ball, location: 2F
2-2: Ball
3-2: Foul Ball, location: 2F
3-2: Base on Balls
Batting: RHB Felipe Lópes 0-0: Ball
1-0: Ball
2-0: Swinging Strike
2-1: DOUBLE (Line Drive, 9LS)
Karl Hill to third
Batting: RHB Ryan Cates 0-0: Ball
1-0: Ball
2-0: Foul Ball, location: 2F
2-1: Ball
3-1: Foul Ball, location: 2F
3-2: Fly out, F9 (Flyball, 9S)
Top of the 4th over - 0 run(s), 1 hit(s), 0 error(s), 2 left on base; San Diego 2 - Balzac 1
BOTTOM OF THE 4TH
Balzac Rams batting - Pitching for San Diego Smashers : RHP Carlos Trujillo
Batting: RHB Jeremy Flemming 0-0: Ball
1-0: Ball
2-0: SINGLE (Groundball, 5D) (infield hit)
Batting: RHB Tom Hughes 0-0: Swinging Strike
0-1: Foul Ball, location: 2F
0-2: Strikes out swinging
Batting: RHB Tommy Wilson 0-0: Ball
1-0: Ball
2-0: Called Strike
2-1: Ball
3-1: Foul Ball, location: 2F
3-2: SINGLE (Line Drive, 4)
Jeremy Flemming to second
Runner from 2nd tries for 3rd, SAFE, no throw or cutoff
Batting: RHB Luis Suárez 0-0: Fly out, F5 (Line Drive, 5S)
Batting: RHB Brian Parks 0-0: Ball
1-0: 3-RUN HOME RUN (Flyball, 78XD), Distance : 420 ft
Batting: LHB Carlos Barrios 0-0: Called Strike
0-1: Ball
1-1: Swinging Strike
1-2: Ball
2-2: Strikes out swinging
Bottom of the 4th over - 3 run(s), 3 hit(s), 0 error(s), 0 left on base; San Diego 2 - Balzac 4
TOP OF THE 5TH
San Diego Smashers batting - Pitching for Balzac Rams : LHP Juan Jiménez
Batting: LHB Francisco Medina 0-0: Called Strike
0-1: Ball
1-1: Swinging Strike
1-2: Strikes out looking
Batting: LHB Ramiro Martínez 0-0: Called Strike
0-1: Ground out 3-1 (Groundball, 34)
Batting: SHB Chris Woods 0-0: Ball
1-0: Ball
2-0: Foul Ball, location: 2F
2-1: Ground out 6-3 (Groundball, 6)
Top of the 5th over - 0 run(s), 0 hit(s), 0 error(s), 0 left on base; San Diego 2 - Balzac 4
BOTTOM OF THE 5TH
Balzac Rams batting - Pitching for San Diego Smashers : RHP Carlos Trujillo
Batting: RHB Ron Glass 0-0: Fly out, F8 (Flyball, 8RM)
Batting: RHB Shaun Puckett 0-0: Called Strike
0-1: Foul Ball, location: 2F
0-2: Foul Ball, location: 2F
0-2: Ball
1-2: Ball
2-2: Ball
3-2: Foul Ball, location: 2F
3-2: SINGLE (Line Drive, 4M)
Batting: LHB José Román 0-0: Ball
1-0: Ball
2-0: Called Strike
2-1: Ball
3-1: Base on Balls
Shaun Puckett to second
Batting: RHB Jeremy Flemming 0-0: Ball
1-0: Called Strike
1-1: Ball
2-1: Foul Ball, location: 2F
2-2: Foul Ball, location: 2F
2-2: Fly out, F7 (Flyball, 7D)
Runner from 2nd tags up, SAFE at 3rd, no throw
Batting: RHB Tom Hughes 0-0: Called Strike
0-1: Swinging Strike
0-2: Ball
1-2: Ball
2-2: Ball
3-2: Foul Ball, location: 2F
3-2: Foul Ball, location: 2F
3-2: Base on Balls
José Román to second
Pitching: LHP Geoff Williams
Batting: RHB Tommy Wilson 0-0: Called Strike
0-1: Ball
1-1: Swinging Strike
1-2: Ball
2-2: Strikes out looking
Bottom of the 5th over - 0 run(s), 1 hit(s), 0 error(s), 3 left on base; San Diego 2 - Balzac 4
TOP OF THE 6TH
San Diego Smashers batting - Pitching for Balzac Rams : LHP Juan Jiménez
Batting: RHB Fred Ameris 0-0: Called Strike
0-1: Swinging Strike
0-2: Ball
1-2: Strikes out swinging
Batting: RHB Manuel Muñóz 0-0: Fly out, F6 (Popup, 6)
Batting: SHB Adrián Nieto 0-0: Ball
1-0: Swinging Strike
1-1: Ball
2-1: SINGLE (Flyball, 7S)
Batting: LHB Karl Hill 0-0: Called Strike
0-1: Swinging Strike
0-2: Ball
1-2: Ball
2-2: Foul Ball, location: 2F
2-2: Ball
3-2: Foul Ball, location: 2F
3-2: Foul Ball, location: 2F
3-2: SINGLE (Groundball, 4M) (infield hit)
Adrián Nieto to second
Pitching: LHP Martin Balsano
Batting: RHB Felipe Lópes 0-0: Called Strike
0-1: Ball
1-1: Ball
2-1: Foul Ball, location: 2F
2-2: Fielders Choice at 2nd, 6-4 (Groundball, 6)
Top of the 6th over - 0 run(s), 2 hit(s), 0 error(s), 1 left on base; San Diego 2 - Balzac 4
BOTTOM OF THE 6TH
Balzac Rams batting - Pitching for San Diego Smashers : LHP Geoff Williams
Batting: RHB Luis Suárez 0-0: SINGLE (Line Drive, 9S)
Batting: RHB Brian Parks 0-0: Called Strike
0-1: Called Strike
0-2: Ball
Luis Suárez steals 2nd base
1-2: Strikes out looking
Batting: LHB Carlos Barrios 0-0: Called Strike
0-1: Swinging Strike
0-2: Ball
1-2: Strikes out swinging
Batting: RHB Ron Glass 0-0: Called Strike
0-1: Foul Ball, location: 2F
0-2: Ball
1-2: Ball
2-2: SINGLE (Groundball, 56D)
Luis Suárez to third
Runner from 3rd tries for Home, SAFE, no throw or cutoff
Batting: RHB Shaun Puckett 0-0: Ball
Throwing error on steal attempt, E2
Ron Glass to third
1-0: Called Strike
1-1: Ball
2-1: Ball
3-1: Base on Balls
Batting: LHB José Román 0-0: Ball
1-0: Fly out, F7 (Flyball, 7LDF)
Bottom of the 6th over - 1 run(s), 2 hit(s), 1 error(s), 2 left on base; San Diego 2 - Balzac 5
TOP OF THE 7TH
San Diego Smashers batting - Pitching for Balzac Rams : LHP Martin Balsano
Batting: RHB Ryan Cates 0-0: Called Strike
0-1: Foul Ball, location: 2F
0-2: Foul Ball, location: 2F
0-2: Strikes out looking
Batting: LHB Francisco Medina 0-0: Called Strike
0-1: Foul Ball, location: 2F
0-2: Ball
1-2: TRIPLE (Flyball, 89D)
Batting: LHB Ramiro Martínez 0-0: Called Strike
0-1: Foul Ball, location: 2F
0-2: SINGLE (Line Drive, 4MD)
Francisco Medina scores
Batting: SHB Chris Woods 0-0: Called Strike
0-1: Ball
1-1: Called Strike
1-2: Strikes out looking
Batting: RHB Fred Ameris 0-0: Ball
1-0: 2-RUN HOME RUN (Flyball, 78XD), Distance : 427 ft
Batting: RHB Manuel Muñóz 0-0: Swinging Strike
0-1: Foul Ball, location: 2F
0-2: Ball
1-2: Strikes out looking
Top of the 7th over - 3 run(s), 3 hit(s), 0 error(s), 0 left on base; San Diego 5 - Balzac 5
BOTTOM OF THE 7TH
Balzac Rams batting - Pitching for San Diego Smashers : LHP Geoff Williams
Batting: RHB Jeremy Flemming 0-0: Foul Ball, location: 2F
0-1: Ball
1-1: Foul Ball, location: 2F
1-2: Ground out 6-3 (Groundball, 6)
Batting: RHB Tom Hughes 0-0: Ground out 6-3 (Groundball, 56)
Batting: RHB Tommy Wilson 0-0: Called Strike
0-1: Swinging Strike
0-2: Ball
1-2: Fly out, F8 (Flyball, 8LD)
Bottom of the 7th over - 0 run(s), 0 hit(s), 0 error(s), 0 left on base; San Diego 5 - Balzac 5
TOP OF THE 8TH
San Diego Smashers batting - Pitching for Balzac Rams : LHP Martin Balsano
Pitching: RHP Carlos Bamber
Pinch Hitting: LHB Ken Phillips 0-0: Swinging Strike
0-1: Ball
1-1: Ball
2-1: Ball
3-1: Foul Ball, location: 2F
3-2: Base on Balls
Pinch Runner at 1st Jorge Collazo:
Batting: LHB Karl Hill 0-0: Ball
1-0: TRIPLE (Line Drive, 9LM)
Jorge Collazo scores
Batting: RHB Felipe Lópes 0-0: Called Strike
0-1: Ball
1-1: Swinging Strike
1-2: Strikes out swinging
Batting: RHB Ryan Cates 0-0: Ball
1-0: Foul Ball, location: 2F
1-1: Foul Ball, location: 2F
1-2: Strikes out looking
Batting: LHB Francisco Medina 0-0: Ball
1-0: Called Strike
1-1: Swinging Strike
1-2: Foul Ball, location: 2F
1-2: Strikes out swinging
Top of the 8th over - 1 run(s), 1 hit(s), 0 error(s), 1 left on base; San Diego 6 - Balzac 5
BOTTOM OF THE 8TH
Balzac Rams batting - Pitching for San Diego Smashers : LHP Geoff Williams
Pitching: LHP Raymond Ritchie
Now at 2B: Jorge Collazo
Batting: RHB Luis Suárez 0-0: Called Strike
0-1: Swinging Strike
0-2: Ball
1-2: Ground out 6-3 (Groundball, 6)
Pitching: RHP Joe Shoemaker
Batting: RHB Brian Parks 0-0: Ball
1-0: Fly out, F7 (Line Drive, 78M)
Pitching: LHP Nesto Pérez
Batting: LHB Carlos Barrios 0-0: Called Strike
0-1: Ball
1-1: Called Strike
1-2: SOLO HOME RUN (Flyball, 7LD), Distance : 414 ft
Batting: RHB Ron Glass 0-0: Foul Ball, location: 2F
0-1: Foul Ball, location: 2F
0-2: Strikes out looking
Bottom of the 8th over - 1 run(s), 1 hit(s), 0 error(s), 0 left on base; San Diego 6 - Balzac 6
TOP OF THE 9TH
San Diego Smashers batting - Pitching for Balzac Rams : RHP Carlos Bamber
Pitching: RHP John Dickson
Batting: LHB Ramiro Martínez 0-0: Foul Ball, location: 2F
0-1: Fly out, F9 (Flyball, 89D)
Batting: SHB Chris Woods 0-0: Ball
1-0: SOLO HOME RUN (Flyball, 89XD), Distance : 438 ft
Batting: RHB Fred Ameris 0-0: Called Strike
0-1: Ball
1-1: Foul Ball, location: 2F
1-2: Ball
2-2: Strikes out swinging
Batting: RHB Manuel Muñóz 0-0: Called Strike
0-1: Foul Ball, location: 2F
0-2: Foul Ball, location: 2F
0-2: Strikes out swinging
Top of the 9th over - 1 run(s), 1 hit(s), 0 error(s), 0 left on base; San Diego 7 - Balzac 6
BOTTOM OF THE 9TH
Balzac Rams batting - Pitching for San Diego Smashers : LHP Nesto Pérez
Pitching: RHP Cedric Sherston
Batting: RHB Shaun Puckett 0-0: Foul Ball, location: 2F
0-1: Ball
1-1: Called Strike
1-2: Strikes out swinging
Batting: LHB José Román 0-0: Ball
1-0: Ball
2-0: Fly out, F7 (Flyball, 7M)
Batting: RHB Jeremy Flemming 0-0: Swinging Strike
0-1: Ball
1-1: Foul Ball, location: 2F
1-2: Strikes out swinging
Bottom of the 9th over - 0 run(s), 0 hit(s), 0 error(s), 0 left on base; San Diego 7 - Balzac 6
Monday, December 5th, 2016 - OOTP Baseball 17.12 Build 75